Cogmind - Beta 16.1 @@@ ROGUE MODE // 2026.03.01 @ 19:16:15 Player: StaticNoob Result: Destroyed by H-81 Overseer with Heavy Linear Accelerator Performance ------------- Evolutions (9) 4500 Regions Visited (12) 2400 Robots Destroyed (117) 585 Value Destroyed (4782) 4782 Prototype IDs (30) 600 Alien Tech Used (0) 0 Bonus (1276) 1276 TOTAL SCORE: 14143 Bonus ------- High Alert Combat Kills 128 Follower Combat Kills 348 Registered with UFD 300 Met Optimus in HQ 500 Cogmind --------- Core Integrity 0/1600 Matter 92/300 Energy 99/100 System Corruption 3% Temperature Cool (0) Movement Core (50) Location -1/Access Parts ------- > --- POWER (2) -------- (None) > --- PROPULSION (8) --- (None) > --- UTILITY (13) ----- Machine Analyzer Experimental Terrain Scan Processor > --- WEAPON (2) ------- (None) > --- INVENTORY (5) ---- Biometal Leg Experimental Energy Well (600) Faulty Quantum Shading Machine Enhanced Nova Cannon Peak State ------------ > --- POWER ------------ Light Antimatter Reactor Light Antimatter Reactor > --- PROPULSION ------- Cooled Cesium-ion Thruster Nuclear Pulse Array Impulse Thruster Impulse Thruster Impulse Thruster Array > --- UTILITY ---------- Experimental Power Amplifier Large Storage Unit Advanced Weight Redist. System Advanced Sensor Array Advanced Signal Interpreter Advanced Terrain Scanner Advanced Terrain Scan Processor Quantum Capacitor Advanced Hacking Suite System Shield > --- WEAPON ----------- Omega Cannon > --- INVENTORY -------- Antimatter Reactor Advanced Medium Treads Linear Gravjet Cooled Cesium-ion Thruster Impulse Thruster Experimental Q-thruster Energy Well Particle Charger Advanced Transmission Jammer Experimental Thermal Defense Suite Cooled Proton Cannon Enhanced Nova Cannon Perforator Improved Plasma Cutter [Rating: 154] Favorites ----------- Power Light Angular Momentum Engine Engine Light Angular Momentum Engine Power Core Light Fission Core Reactor Light Antimatter Reactor Propulsion Cooled Cesium-ion Thruster Treads Light Treads Leg Carbon-fiber Leg Wheel Subdweller Monowheel Hover Unit Combat Gravmag System Flight Unit Cooled Cesium-ion Thruster Utility Hacking Suite Device Improved Sensor Array Storage High-capacity Storage Unit Processor Advanced Signal Interpreter Hackware Hacking Suite Protection Core Shielding Weapon Light Assault Rifle Energy Gun Gatling Laser Energy Cannon Neutron Cannon Ballistic Gun Light Assault Rifle Ballistic Cannon Perforator Launcher Long-range Missile Launcher Special Weapon Improved Plasma Cutter Slashing Weapon Plasma Sword Piercing Weapon Spear Special Melee Weapon Advanced Datajack Build | -11 -10 -10 -8 -6 -5 -5 -4 -3 -3 -2 -2 -1 ------- Run | Yrd Mat Sub Scr Fac Fac Ext Fac Res Qua Res Tes Acc Slots Evolved 18 | . . . . 8 2 . 2 2 . 2 . 2 Power 1 | . . . . . . . . 1 . . . . Propulsion 6 | . . . . 2 1 . 1 1 . . . 1 Utility 11 | . . . . 6 1 . 1 . . 2 . 1 Weapon . | . . . . . . . . . . . . . Parts Attached 160 | 6 3 15 7 38 39 . 6 12 . 11 10 13 Power 18 | 1 . 2 2 4 3 . . 2 . . 2 2 Engine 9 | 1 . 2 1 2 2 . . . . . . 1 Core 4 | . . . 1 2 1 . . . . . . . Reactor 5 | . . . . . . . . 2 . . 2 1 Propulsion 59 | 2 . 7 4 12 20 . 1 2 . 3 2 6 Treads 4 | 2 . . 2 . . . . . . . . . Leg 23 | . . . . 8 15 . . . . . . . Wheel 9 | . . 7 2 . . . . . . . . . Hover 3 | . . . . . . . . . . . . 3 Flight 20 | . . . . 4 5 . 1 2 . 3 2 3 Utility 55 | 1 2 1 . 17 10 . 4 4 . 7 4 5 Device 22 | . . . . 7 3 . 2 4 . 4 1 1 Storage 9 | 1 1 . . 1 3 . . . . 2 . 1 Processor 14 | . 1 . . 4 3 . 1 . . 1 1 3 Hackware 7 | . . . . 3 1 . 1 . . . 2 . Protection 3 | . . 1 . 2 . . . . . . . . Artifact . | . . . . . . . . . . . . . Weapon 28 | 2 1 5 1 5 6 . 1 4 . 1 2 . Energy Gun 7 | . . 2 . 4 1 . . . . . . . Energy Cannon 5 | . . . . 1 1 . . 2 . 1 . . Ballistic Gun 9 | 2 1 3 1 . 2 . . . . . . . Ballistic Cannon 2 | . . . . . . . . . . . 2 . Launcher 1 | . . . . . 1 . . . . . . . Special Weapon 1 | . . . . . . . . 1 . . . . Impact Weapon . | . . . . . . . . . . . . . Slashing Weapon 1 | . . . . . 1 . . . . . . . Piercing Weapon 1 | . . . . . . . . 1 . . . . Special Melee Weapon 1 | . . . . . . . 1 . . . . . Unidentified Prototypes 10 | . . . . . 4 . . . . 1 4 1 Parts Lost 77 | . . 10 . 12 18 . 4 1 . 2 7 23 Power 10 | . . 2 . 3 1 . 1 . . . 2 1 Propulsion 29 | . . 5 . 3 6 . 1 . . 1 3 10 Utility 25 | . . . . 4 6 . 1 . . 1 2 11 Weapon 13 | . . 3 . 2 5 . 1 1 . . . 1 Highest Loss Streak 11 | . . 4 . 5 8 . 4 1 . 2 5 11 To Critical Strikes . | . . . . . . . . . . . . . Average Backups 9 | . 6 14 10 4 8 8 9 12 14 13 13 10 Power . | . 1 1 . . 1 2 1 . 1 . . . Propulsion 2 | . 1 1 1 1 3 2 2 2 4 4 4 3 Utility 2 | . 1 1 4 1 . 1 2 5 6 5 4 4 Weapon 3 | . 2 10 3 1 3 2 2 2 2 1 2 2 Tool/Special . | . . . . . . . . . . . . . Unused Backups 48 | . 6 . 13 2 7 . 2 4 . 2 1 11 Power 5 | . . . 1 . 3 . 1 . . . . . Propulsion 12 | . 3 . . . 3 . . . . 1 . 5 Utility 10 | . 1 . 1 1 . . . 1 . 1 1 4 Weapon 21 | . 2 . 11 1 1 . 1 3 . . . 2 Tool/Special . | . . . . . . . . . . . . . Average Slot Usage (%) 90 | . 98 98 89 91 91 88 91 85 80 79 78 62 Engine 7 | . 14 13 12 3 4 5 4 . . . . 2 Treads 6 | . 28 3 9 . . . . . . . . . Leg 6 | . . . . 20 25 . . . . . . . Wheel 7 | . . 23 18 . . . . . . . . . Flight 5 | . . . . 3 1 23 26 26 23 21 21 14 Device 5 | . . . . 10 11 5 9 13 14 21 18 6 Storage 8 | . 14 14 14 . 3 5 5 4 4 4 4 2 Processor 9 | . 12 . . 12 11 29 26 19 19 12 8 18 Hackware 7 | . . . . 19 16 11 10 9 9 8 12 10 Protection 6 | . . 14 14 6 . . . . . . . . Energy Gun 2 | . . 10 . 8 3 . . . . . . . Ballistic Gun 10 | . 28 17 17 . 3 . . . . . . . Peak Build Rating 154 | 6 8 16 22 67 79 75 101 120 113 140 154 142 Average Rating 47 | 4 7 12 18 56 66 75 91 111 112 132 130 105 On Entrance 63 | . 6 8 16 16 52 75 75 87 113 113 131 130 Avg Prop Armor Cover (%) 6 | . . 5 5 . 18 . . . . . . 15 Naked Turns . | . . . . . . . . . . . . . Heaviest Build 61 | 10 46 54 58 23 51 33 35 52 41 61 58 53 Greatest Support 86 | 40 40 40 53 68 86 33 50 57 57 65 64 59 Greatest Overweight (x) 10 | 2 1 3 2 3 4 10 . 1 . 1 . 6 Average Overweight (x) . | . . 1 1 . . . . . . . . . Largest Inventory Capacity 20 | 8 20 20 20 20 15 15 15 15 15 15 15 15 Average Capacity 14 | 7 11 20 20 5 10 15 15 15 15 14 15 12 Most Carried 19 | 2 11 19 18 12 15 8 15 15 15 15 15 15 Average Carried 9 | . 7 15 11 4 9 8 10 14 14 13 14 11 Final Capacity 20 | 8 20 20 20 5 15 15 15 15 15 15 15 5 Final Carried 18 | 2 11 18 13 5 8 8 13 15 15 14 14 4 Class Distribution -------------------- 49% | Mutant 15% | Hacker-Mutant 13% | Hacker-Scout 9% | Hacker-Sprinter 8% | Scavenger-Mutant Dominant Class ---------------- Mutant | -10/Materials Mutant | -10/Subcaves Mutant | -8/Scraptown Hacker-Mutant | -6/Factory Scavenger-Mutant | -5/Factory Hacker-Sprinter | -5/Extension Hacker-Scout | -4/Factory Hacker-Scout | -3/Research Hacker-Scout | -3/Quarantine Hacker-Scout | -2/Research Hacker-Scout | -2/Testing Hacker-Scout | -1/Access Resources | -11 -10 -10 -8 -6 -5 -5 -4 -3 -3 -2 -2 -1 ----------- Run | Yrd Mat Sub Scr Fac Fac Ext Fac Res Qua Res Tes Acc Matter Collected 2750 | 276 150 257 53 432 736 26 . 175 10 190 39 406 Remotely . | . . . . . . . . . . . . . Salvage Created 6305 | 11 478 377 . 1317 1735 493 74 317 26 372 173 932 Parts 257 | 2 26 25 . 42 49 18 4 9 2 15 11 54 Haulers Intercepted 8 | . 1 . . 1 3 . . 1 . 2 . . Recyclers Shooed 11 | . 4 . . 1 4 . . . . . . 2 Parts Field Recycled . | . . . . . . . . . . . . . Retrieved Matter . | . . . . . . . . . . . . . Parts Self-Destructed 7 | . . 7 . . . . . . . . . . Prevented . | . . . . . . . . . . . . . Parts Restored . | . . . . . . . . . . . . . Kills | -11 -10 -10 -8 -6 -5 -5 -4 -3 -3 -2 -2 -1 ------- Run | Yrd Mat Sub Scr Fac Fac Ext Fac Res Qua Res Tes Acc Combat Hostiles Destroyed 83 | . 11 8 . 18 25 4 1 2 . . 2 12 Melee 6 | . . . . . . 4 1 . . . 1 . Guns 43 | . 11 8 . 12 12 . . . . . . . Cannons 24 | . . . . 6 6 . . . . . . 12 AOE 6 | . . . . . 6 . . . . . . . Classes Destroyed 15 | 1 6 1 . 3 1 . . . 1 . . 2 Worker 3 | . 1 . . . . . . . . 1 . 1 Builder 3 | . . . . 1 . 1 . . . . . 1 Tunneler 1 | 1 . . . . . . . . . . . . Hauler 8 | . 1 . . 1 3 . . 1 . 2 . . Recycler 8 | . 1 . . 2 1 1 . . . 1 . 2 Mechanic 1 | . . . . . . . . . . . . 1 Operator 2 | . . . . . . . . . 1 . 1 . Watcher 8 | . 1 . . . 2 2 . 1 . 1 . 1 Swarmer 15 | . 6 . . 3 . . . . . . . 6 Cutter 4 | . . . . . . . . . . . . 4 Grunt 35 | . 5 . . 10 16 2 1 1 . . . . Sentry 10 | . . . . 4 3 2 . 1 . . . . Hunter 2 | . . . . . 2 . . . . . . . Programmer 9 | . . . . 1 4 . . . . . 2 2 Subdweller 8 | . . 8 . . . . . . . . . . Best Kill Streak 14 | 1 6 2 . 3 8 2 1 2 1 2 2 14 Combat Bots Only 12 | . 6 2 . 3 7 1 1 2 . . 2 12 Max Kills in Single Turn 4 | 1 1 1 . 1 3 1 1 1 1 1 1 4 Gunslinging . | . . . . . . . . . . . . . Exploded 3 | . . . . . 3 . . . . . . . Melee 1 | . . . . . . 1 1 . . . 1 . Uniques/NPCs Destroyed . | . . . . . . . . . . . . . Combat | -11 -10 -10 -8 -6 -5 -5 -4 -3 -3 -2 -2 -1 -------- Run | Yrd Mat Sub Scr Fac Fac Ext Fac Res Qua Res Tes Acc Hostile Shots Fired 926 | . 47 56 . 300 174 13 32 22 . 7 44 231 Missed 313 | . 10 14 . 94 47 7 11 10 . 3 11 106 Hits 613 | . 37 42 . 206 127 6 21 12 . 4 33 125 Melee 9 | . . . . . . . 1 . . . . 8 Projectile 604 | . 37 42 . 206 127 6 20 12 . 4 33 117 AOE 8 | . . . . 1 . . . . . . . 7 Critical Strikes 23 | . . 2 . 3 6 . . 1 . . 2 9 Actively Blocked 1 | . . 1 . . . . . . . . . . Part Disruptions 1 | . . . . . . . . . . . . 1 Damage Taken 11638 | . 401 855 . 2707 2635 166 310 274 . 292 770 3228 Core 2923 | . 88 138 . 442 201 25 100 . . 92 211 1626 Absorbed by Shields 15 | . . . . . . 15 . . . . . . Redirected to Shielding 56 | . . 29 . 27 . . . . . . . . Ignored by Resistances 135 | . . . . . 135 . . . . . . . Regen/Repaired (Parts) 162 | . . . . . 106 . . . . . 56 . Core Remaining (%) 72 | 100 . . 9 48 . 77 91 . 100 . 79 . Volleys Fired 337 | 8 61 50 . 98 93 . . 7 . 4 7 9 Largest 2 | 2 2 2 . 2 2 . . 2 . 1 1 1 Hottest 165 | 40 40 120 . 160 165 . . 80 . 120 120 100 Shots Fired 580 | 16 122 90 . 149 174 . . 9 . 4 7 9 Gun 469 | 16 122 90 . 115 126 . . . . . . . Cannon 109 | . . . . 34 46 . . 9 . 4 7 9 Launcher 2 | . . . . . 2 . . . . . . . Special . | . . . . . . . . . . . . . Kinetic 276 | 16 122 56 . 8 65 . . . . . . 9 Thermal 293 | . . 34 . 141 107 . . . . 4 7 . Explosive 2 | . . . . . 2 . . . . . . . Electromagnetic 9 | . . . . . . . . 9 . . . . Robot Hit Streak 18 | 5 13 12 . 18 16 . . 5 . . 10 12 Robot Miss Streak 7 | 3 3 3 . 5 4 . . 1 . . . 7 Penetration Max 2 | . . . . . 1 . . . . . . 2 Secondary Targets 3 | . 2 1 . . . . . . . . . . Max Gunslinging Chain 1 | . 1 1 . . . . . . . . . . Capacitor 11 | . . . . . . . . . . 4 7 . Shots Hit Robots 459 | 11 83 57 . 108 123 16 8 9 1 9 11 23 Core Hits 247 | 3 30 17 . 54 83 8 4 4 1 5 4 34 Critical Kills 16 | . . . . . 1 . . . . . 1 14 Critical Parts Destroyed 11 | . . . . . 2 . . . . . . 9 Critical Strikes 38 | . . 1 . 2 5 2 2 . . 1 1 24 Burn 4 | . . . . 2 2 . . . . . . . Meltdown 1 | . . . . . . . . . . . 1 . Destroy 27 | . . 1 . . 3 . . . . . . 23 Sever 4 | . . . . . . 2 2 . . . . . Impale 2 | . . . . . . . . . . 1 . 1 Melee Attacks 131 | . . . . . 8 17 23 9 6 27 13 28 Impact . | . . . . . . . . . . . . . Slashing 54 | . . . . . 8 17 21 8 . . . . Piercing 75 | . . . . . . . . 1 6 27 13 28 Sneak Attacks 17 | . . . . . . 6 2 1 . 4 1 3 Combat Hostiles 3 | . . . . . . 3 . . . . . . Follow-up Attacks . | . . . . . . . . . . . . . Damage Inflicted 13148 | 88 703 1096 . 2638 4673 1227 293 420 43 588 520 859 Guns 5807 | 88 691 1096 . 1833 2099 . . . . . . . Cannons 2805 | . . . . 800 1385 . . 181 . . 293 146 Explosions 1132 | . . . . . 1132 . . . . . . . Melee 3372 | . . . . . 51 1227 293 239 43 588 227 704 Ramming 32 | . 12 . . 5 6 . . . . . . 9 Kinetic 2701 | 88 691 732 . 101 943 . . . . . . 146 Thermal 5931 | . . 364 . 2532 2742 . . . . . 293 . Explosive 895 | . . . . . 895 . . . . . . . Electromagnetic 217 | . . . . . 36 . . 181 . . . . Impact . | . . . . . . . . . . . . . Slashing 1810 | . . . . . 51 1227 293 239 . . . . Piercing 1562 | . . . . . . . . . 43 588 227 704 Highest Corruption 6 | . . . . 2 5 5 3 . . . 6 3 Average Corruption 3 | . . . . 1 3 5 3 . . . 3 2 Corruption Purged . | . . . . . . . . . . . . . Corruption Blocked . | . . . . . . . . . . . . . Effects 53 | . . . . 6 26 18 1 . . . . 2 Message Errors 11 | . . . . . 6 5 . . . . . . Matter Fused 9 | . . . . 2 3 4 . . . . . . Heat Flow Errors 6 | . . . . . . 4 1 . . . . 1 Energy Discharges 9 | . . . . 1 5 2 . . . . . 1 Parts Rejected 1 | . . . . . 1 . . . . . . . Data Loss (minor) 5 | . . . . 1 2 2 . . . . . . Data Loss (major) 4 | . . . . 1 2 1 . . . . . . Misfires 5 | . . . . 1 4 . . . . . . . Weapon Failures 3 | . . . . . 3 . . . . . . . Overload Shots . | . . . . . . . . . . . . . Overflow Damage 475 | . . . . 24 83 161 . 6 . 35 1 165 Projectiles 58 | . . . . 24 33 . . . . . 1 . Explosions 50 | . . . . . 50 . . . . . . . Melee 367 | . . . . . . 161 . 6 . 35 . 165 Knockbacks 17 | . . . . . . . . . . . . 17 Impact . | . . . . . . . . . . . . . Kinetic 17 | . . . . . . . . . . . . 17 Secondary . | . . . . . . . . . . . . . Self-Inflicted Damage 390 | . . . . . 386 . . . . . . 4 Shots 6 | . . . . . 6 . . . . . . . Rammed 8 | . 4 . . . . . . . . . . 4 Targets Rammed 10 | . 4 . . 1 1 . . . . . . 4 Kicked 2 | . . . . 1 1 . . . . . . . Crushed . | . . . . . . . . . . . . . Highest Temperature 499 | . 31 6 . 442 499 266 166 33 . 356 392 311 Average Temperature 125 | . 10 5 . 117 188 105 102 17 . 54 195 118 Received Heat Transfer 2013 | . 144 162 . 816 579 45 18 60 . . 27 162 Effects 13 | . . . . 5 4 . . . . 1 3 . Shutdowns 2 | . . . . . 2 . . . . . . . Energy Bleed 2 | . . . . 1 . . . . . . 1 . Interference 3 | . . . . 3 . . . . . . . . Matter Decay 3 | . . . . . . . . . . 1 2 . Short Circuit 3 | . . . . 1 2 . . . . . . . Siege Activations . | . . . . . . . . . . . . . Martial Activations . | . . . . . . . . . . . . . Shielding Activations . | . . . . . . . . . . . . . Robots Disrupted . | . . . . . . . . . . . . . Combat Hostiles . | . . . . . . . . . . . . . Robots Corrupted 2 | . . . . . . . . 2 . . . . Combat Hostiles 2 | . . . . . . . . 2 . . . . Parts Fried 2 | . . . . . . . . 2 . . . . Impact Corruptions . | . . . . . . . . . . . . . Robots Melted 3 | . . . . 1 1 . . . . . 1 . Combat Hostiles 2 | . . . . . 1 . . . . . 1 . Parts Melted 31 | . . 1 . 16 9 1 . . . . 4 . Heat Transferred 7974 | . . 450 . 4539 2800 . . . . . 185 . Parts Sabotaged . | . . . . . . . . . . . . . Parts Stolen . | . . . . . . . . . . . . . Parts Stripped . | . . . . . . . . . . . . . Power Chain Reactions 3 | . . . . . 3 . . . . . . . Alert | -11 -10 -10 -8 -6 -5 -5 -4 -3 -3 -2 -2 -1 ------- Run | Yrd Mat Sub Scr Fac Fac Ext Fac Res Qua Res Tes Acc Maximum Alert Level 2 | . . . . . 1 1 . . . . . 2 Low Security (%) 93 | 100 100 . . 100 84 98 100 100 100 100 100 50 Level 1 5 | . . . . . 15 1 . . . . . 21 Level 2 1 | . . . . . . . . . . . . 28 Level 3 . | . . . . . . . . . . . . . Level 4 . | . . . . . . . . . . . . . Level 5 . | . . . . . . . . . . . . . High Security . | . . . . . . . . . . . . . Max Security . | . . . . . . . . . . . . . Peak Influence 696 | 5 120 . . 146 365 207 48 70 61 67 90 696 Initial 176 | . 3 . . . 16 176 29 . 30 28 31 16 Average 72 | . 27 . . 52 110 71 27 27 51 19 46 267 Influence Increases 4288 | 5 298 . . 704 933 463 93 174 51 196 202 1169 Destroy 0b10 Robot/C 1660 | . 220 . . 360 500 240 20 40 . . 40 240 Destroy 0b10 Robot/NC 175 | 5 20 . . 20 30 25 . 10 5 25 5 30 Destroy Leader 344 | . 54 . . 82 120 26 . 14 . 6 10 32 Allied During Kill 96 | . . . . . . 96 . . . . . . Successful Hack 297 | . 4 . . 72 8 . 15 42 36 21 45 54 Disable Machine 210 | . . . . 15 75 . 15 30 . 15 45 15 Destroy Structure 336 | . . . . 5 170 16 28 8 10 54 12 33 Partial Spotted 165 | . . . . 15 15 30 15 15 . 15 . 60 Lose Combat Pursuer 1005 | . . . . 135 15 30 . 15 . 60 45 705 Influence Decreases 3605 | . 303 . . 669 607 764 151 121 55 190 232 513 Entered New Map 324 | . 2 . . . 19 185 31 2 25 23 26 11 Time Decay 2073 | . 301 . . 422 428 285 80 109 30 147 90 181 Search Patrol Dispatched 100 | . . . . . . . . . . . . 100 Lost Part 628 | . . . . 117 160 . 40 10 . 20 60 221 Lost Ally 105 | . . . . . . 105 . . . . . . Purge Threat 375 | . . . . 130 . 189 . . . . 56 . Squads Dispatched 33 | . 1 . . 5 9 1 4 2 . 3 2 6 Investigation 13 | . . . . 3 4 1 1 . . 2 1 1 Extermination 9 | . . . . 1 2 . 1 1 . 1 1 2 Reinforcement 9 | . 1 . . 1 2 . 1 1 . . . 3 Assault . | . . . . . . . . . . . . . Garrison 2 | . . . . . 1 . 1 . . . . . Intercept . | . . . . . . . . . . . . . Searches Triggered 1 | . . . . . . . . . . . . 1 Construction Impeded 1 | . . . . . 1 . . . . . . . Haulers Reinforced 3 | . . . . 1 1 . . 1 . . . . Active Scanning Responses . | . . . . . . . . . . . . . Cargo Convoy Interrupts . | . . . . . . . . . . . . . Stealth | -11 -10 -10 -8 -6 -5 -5 -4 -3 -3 -2 -2 -1 --------- Run | Yrd Mat Sub Scr Fac Fac Ext Fac Res Qua Res Tes Acc Distress Signals 13 | . 2 . . 1 3 . . 1 1 1 . 4 Communications Jammed . | . . . . . . . . . . . . . Distress Signals . | . . . . . . . . . . . . . Times Spotted 255 | . 24 8 . 37 32 18 14 11 7 5 12 87 Peak Tracking Total 23 | . 5 2 . 9 6 8 13 7 6 5 6 23 Tactical Retreats 24 | . . . . 5 1 2 . 1 . 2 1 12 Traps | -11 -10 -10 -8 -6 -5 -5 -4 -3 -3 -2 -2 -1 ------- Run | Yrd Mat Sub Scr Fac Fac Ext Fac Res Qua Res Tes Acc Traps Triggered 9 | . . . . . 5 2 1 . . 1 . . Indirectly . | . . . . . . . . . . . . . Trap Hack Attempts . | . . . . . . . . . . . . . Triggered . | . . . . . . . . . . . . . Disarmed . | . . . . . . . . . . . . . Reprogrammed . | . . . . . . . . . . . . . Reused . | . . . . . . . . . . . . . Traps Extracted . | . . . . . . . . . . . . . Installed 1 | . . 1 . . . . . . . . . . Triggered . | . . . . . . . . . . . . . Machines | -11 -10 -10 -8 -6 -5 -5 -4 -3 -3 -2 -2 -1 ---------- Run | Yrd Mat Sub Scr Fac Fac Ext Fac Res Qua Res Tes Acc Machines Disabled 15 | . . . . 1 5 1 1 2 . 1 3 1 Max in Single Turn 1 | . . . . 1 1 . 1 1 . 1 1 1 Garrison Access 4 | . . . . 1 1 . . . . 1 . 1 Machines Repaired . | . . . . . . . . . . . . . Machines Dismantled . | . . . . . . . . . . . . . Machines Sabotaged . | . . . . . . . . . . . . . Overloaded Fab Kills . | . . . . . . . . . . . . . Hacking | -11 -10 -10 -8 -6 -5 -5 -4 -3 -3 -2 -2 -1 --------- Run | Yrd Mat Sub Scr Fac Fac Ext Fac Res Qua Res Tes Acc Machines Accessed 79 | . 3 . 1 17 9 5 8 6 7 11 6 6 Terminals 44 | . 2 . . 8 2 5 4 4 4 8 3 4 Fabricators 6 | . . . . 3 . . 1 1 . . . 1 Repair Stations 3 | . . . . . 1 . . . 1 . 1 . Recycling Units 9 | . 1 . . 2 3 . 1 . . 2 . . Scanalyzers 12 | . . . . 3 2 . 2 1 2 . 2 . Garrison Access 4 | . . . . 1 1 . . . . 1 . 1 Total Hacks 226 | . 7 . 6 56 25 13 21 14 19 21 27 17 Successful 118 | . 4 . 6 36 13 7 11 5 8 6 15 7 Failed 106 | . 3 . . 20 12 6 9 9 10 15 12 10 Catastrophic 15 | . . . . 1 3 1 1 1 1 5 . 2 Database Lockouts 2 | . . . . . . . 1 . 1 . . . Manual 97 | . 2 . . 34 3 4 8 8 6 8 17 7 Terminals 132 | . 6 . . 31 4 13 11 10 12 15 18 12 Fabricators 14 | . . . . 8 . . 3 1 . . . 2 Repair Stations 9 | . . . . . 5 . . . 2 . 2 . Recycling Units 22 | . 1 . . 7 7 . 2 . . 5 . . Scanalyzers 36 | . . . . 9 7 . 5 3 5 . 7 . Garrison Access 7 | . . . . 1 2 . . . . 1 . 3 Terminal Hacks 53 | . 2 . 6 11 1 7 2 4 3 2 10 5 Record 1 | . . . . . . . . . . . 1 . Part Schematic 1 | . . . . 1 . . . . . . . . Robot Analysis 7 | . 1 . 6 . . . . . . . . . Prototype ID Bank 2 | . . . . . . . . . 1 . 1 . Open Door 6 | . . . . . 1 4 . 1 . . . . Level Access Points 4 | . . . . 1 . . . . 1 . 1 1 Branch Access Points 3 | . . . . . . . . 1 . 1 1 . Emergency Access Points 1 | . . . . . . . . . . . . 1 Terminal Index 1 | . . . . . . . . . . . . 1 Garrison Index 1 | . . . . 1 . . . . . . . . Unreport Threat 4 | . . . . 1 . 2 . . . . 1 . Locate Traps 8 | . 1 . . 2 . 1 1 . . 1 2 . Maintenance Status 2 | . . . . 1 . . . 1 . . . . Hauler Manifests 1 | . . . . . . . 1 . . . . . Registered Components 1 | . . . . 1 . . . . . . . . Zone Layout 10 | . . . . 3 . . . 1 1 . 3 2 Fabricator Hacks 4 | . . . . 2 . . 1 1 . . . . Network Status 3 | . . . . 1 . . 1 1 . . . . Load Schematic 1 | . . . . 1 . . . . . . . . Repair Station Hacks 3 | . . . . . 3 . . . . . . . Scan Component 2 | . . . . . 2 . . . . . . . Repair 1 | . . . . . 1 . . . . . . . Recycling Unit Hacks 5 | . 1 . . 2 1 . . . . 1 . . Retrieve Components 5 | . 1 . . 2 1 . . . . 1 . . Scanalyzer 23 | . . . . 8 5 . 4 . 2 . 4 . Insert Component 5 | . . . . 1 3 . 1 . . . . . Retrieve Study 18 | . . . . 7 2 . 3 . 2 . 4 . Garrison Access Hacks 4 | . . . . 1 1 . . . . 1 . 1 Seal Access 4 | . . . . 1 1 . . . . 1 . 1 Unauthorized Hacks 26 | . 1 . . 12 2 . 4 . 3 2 1 1 Terminals 13 | . 1 . . 7 . . 3 . 2 . . . Botnet 2 | . . . . 1 . . . . 1 . . . Operators 2 | . . . . 1 . . . . 1 . . . Skim 9 | . 1 . . 5 . . 3 . . . . . Fabricators 4 | . . . . 3 . . . . . . . 1 Liberate 2 | . . . . 1 . . . . . . . 1 Haulers 1 | . . . . 1 . . . . . . . . Recompile 1 | . . . . 1 . . . . . . . . Repair Stations 1 | . . . . . . . . . . . 1 . Patch 1 | . . . . . . . . . . . 1 . Recycling Units 7 | . . . . 2 2 . 1 . . 2 . . Fedlink 7 | . . . . 2 2 . 1 . . 2 . . Scanalyzers 1 | . . . . . . . . . 1 . . . Researchers 1 | . . . . . . . . . 1 . . . Garrison Access . | . . . . . . . . . . . . . Data Cores Recovered 1 | . . . . . . . . . 1 . . . Used 1 | . . . . . . . . . 1 . . . Hacking Detections 65 | . 2 . . 13 9 1 8 4 7 10 5 6 Full Trace Events 3 | . . . . . 2 . . . . . . 1 Feedback Events 1 | . . . . . 1 . . . . . . . Hackware Fried 1 | . . . . . 1 . . . . . . . Feedback Blocked . | . . . . . . . . . . . . . Robot Schematics Acquired . | . . . . . . . . . . . . . Robots Built . | . . . . . . . . . . . . . Authchips . | . . . . . . . . . . . . . Time . | . . . . . . . . . . . . . Total Robot Build Rating . | . . . . . . . . . . . . . Part Schematics Acquired 1 | . . . . 1 . . . . . . . . Parts Built . | . . . . . . . . . . . . . Authchips . | . . . . . . . . . . . . . Time . | . . . . . . . . . . . . . Total Part Build Rating . | . . . . . . . . . . . . . Part Studies Acquired 18 | . . . . 7 2 . 3 . 2 . 4 . Parts Repaired 1 | . . . . . 1 . . . . . . . Time 26 | . . . . . 26 . . . . . . . Parts Recycled . | . . . . . . . . . . . . . Recycled Matter . | . . . . . . . . . . . . . Retrieved Matter . | . . . . . . . . . . . . . Retrieved Components 44 | . 10 . . 14 10 . . . . 10 . . Parts Scanalyzed . | . . . . . . . . . . . . . Part Schematics Acquired . | . . . . . . . . . . . . . Parts Damaged . | . . . . . . . . . . . . . Bothacking | -11 -10 -10 -8 -6 -5 -5 -4 -3 -3 -2 -2 -1 ------------ Run | Yrd Mat Sub Scr Fac Fac Ext Fac Res Qua Res Tes Acc Used RIF Installer . | . . . . . . . . . . . . . Robots Hacked 2 | . . . . . . . 2 . . . . . Non-combat 2 | . . . . . . . 2 . . . . . Combat . | . . . . . . . . . . . . . Robot Hacks Applied 2 | . . . . . . . 2 . . . . . parse_system 1 | . . . . . . . 1 . . . . . find_chute 1 | . . . . . . . 1 . . . . . Relay Couplers Released 2 | . . . . . 2 . . . . . . . Machine Destruction 2 | . . . . . 2 . . . . . . . Fabnet Peak Effective % . | . . . . . . . . . . . . . Robots Rewired 4 | . . . . . . 4 . . . . . . Allies Hacked . | . . . . . . . . . . . . . Hacks Repelled . | . . . . . . . . . . . . . Allies | -11 -10 -10 -8 -6 -5 -5 -4 -3 -3 -2 -2 -1 -------- Run | Yrd Mat Sub Scr Fac Fac Ext Fac Res Qua Res Tes Acc Total Allies 8 | . . . . . . 8 . . . . . . Largest Group 7 | . . . . . . 7 . . . . . . Highest-Rated Group 306 | . . . . . . 306 . . . . . . Highest-Rated Ally 159 | . . . . . . 159 . . . . . . Initial UFD Resources 90 | . . . . 22 39 53 56 70 70 74 88 90 Total Orders 4 | . . . . . . 4 . . . . . . STAY 2 | . . . . . . 2 . . . . . . FOLLOW 1 | . . . . . . 1 . . . . . . AID 1 | . . . . . . 1 . . . . . . Ally Attacks 72 | . . . . . . 72 . . . . . . Total Damage 1870 | . . . . . . 1870 . . . . . . Kills 9 | . . . . . . 9 . . . . . . Allies Corrupted . | . . . . . . . . . . . . . Allies Melted . | . . . . . . . . . . . . . Intel | -11 -10 -10 -8 -6 -5 -5 -4 -3 -3 -2 -2 -1 ------- Run | Yrd Mat Sub Scr Fac Fac Ext Fac Res Qua Res Tes Acc Active Infowar (turns) 3427 | . . . . 383 887 717 174 260 73 365 168 400 Optics 417 | . . . . . . . 166 . . . . 251 Sensors 3216 | . . . . 382 887 717 174 260 73 365 168 190 IFF 156 | . . . . 156 . . . . . . . . Terrain 1225 | . . . . 226 . . 159 258 73 365 144 . Machine Analysis 394 | . . . . . . . . . . . . 394 Jamming 51 | . . . . . . . . . . 51 . . Robot Analysis Total 7 | . 1 . 6 . . . . . . . . . Derelict Logs Recovered 7 | . . 2 5 . . . . . . . . . Drone Launches . | . . . . . . . . . . . . . Drone Recoveries . | . . . . . . . . . . . . . Exploration | -11 -10 -10 -8 -6 -5 -5 -4 -3 -3 -2 -2 -1 ------------- Run | Yrd Mat Sub Scr Fac Fac Ext Fac Res Qua Res Tes Acc Turns Passed 9740 | 74 1197 1151 2389 1254 1463 717 176 289 73 365 192 400 Spaces Moved 8494 | 33 541 719 1321 1113 931 737 418 399 192 773 329 988 Core 137 | 12 . . . 4 3 1 . . . . . 117 Treads 1255 | 21 541 59 634 . . . . . . . . . Legs 1341 | . . . . 541 800 . . . . . . . Wheels 1347 | . . 660 687 . . . . . . . . . Hover 4 | . . . . . . . . . . . . 4 Flight 4410 | . . . . 568 128 736 418 399 192 773 329 867 Fastest Speed 12 | 50 160 115 105 30 27 27 15 12 19 24 17 14 Average Speed 83 | 132 181 132 176 74 104 27 24 23 26 27 25 26 Slowest Speed 550 | 160 240 240 240 200 250 550 27 101 27 109 28 350 Overloaded Moves 167 | . . . . . . . 2 23 4 4 6 128 Propulsion Burnouts . | . . . . . . . . . . . . . Robots Hopped 31 | . . . . 2 1 8 . 7 . 3 2 8 Potential Cave-ins 2 | . . . . . . . . . . 2 . . Cave-ins Triggered . | . . . . . . . . . . . . . Exploration Rate (%) 36 | 3 76 45 87 30 21 47 16 12 31 26 44 32 Regions Visited 12 Branch Regions 5 Pre-discovered Areas 3 | . . . 1 2 . . . . . . . . Known Exits Taken 8 | . . . . 1 1 1 1 1 1 1 1 . Unknown Exits Taken 4 | 1 1 1 1 . . . . . . . . . Scrap Searched 11 | . . 3 8 . . . . . . . . . Spaces Dug 58 | . . . . 1 4 . 14 4 5 20 5 5 Terrain Destroyed 155 | . . . . 2 91 . 14 4 5 20 5 14 Melee 49 | . . . . . 2 . 14 4 5 16 3 5 Projectile 17 | . . . . 2 9 . . . . 4 2 . AOE 80 | . . . . . 80 . . . . . . . Terrain Rammed . | . . . . . . . . . . . . . Walls Destroyed . | . . . . . . . . . . . . . Machines Disabled . | . . . . . . . . . . . . . Actions | -11 -10 -10 -8 -6 -5 -5 -4 -3 -3 -2 -2 -1 --------- Run | Yrd Mat Sub Scr Fac Fac Ext Fac Res Qua Res Tes Acc Total 10334 | 48 661 824 1393 1384 1213 1215 462 568 204 885 416 1061 Wait 895 | . 29 26 24 97 85 416 1 125 5 43 32 12 Move 8422 | 32 540 718 1320 1108 928 722 417 384 191 766 324 972 Hop 29 | . . . . 2 1 6 . 7 . 3 2 8 Pick Up 118 | 2 16 13 16 9 20 . 10 9 1 12 5 5 Fast Attach 92 | 6 1 3 4 24 27 . 1 3 . 5 7 11 Attach 62 | . 1 8 1 12 9 . 4 8 . 6 10 3 Detach 19 | . . 1 . 4 1 . . 5 . 1 6 1 Swap 37 | . 1 4 2 5 13 . 2 3 . 3 4 . Drop 127 | . 8 . 26 24 27 . 4 8 1 15 6 8 Fire 337 | 8 61 50 . 98 93 . . 7 . 4 7 9 Melee 131 | . . . . . 8 17 23 9 6 27 13 28 Ram 4 | . . . . . . . . . . . . 4 Kick 2 | . . . . 1 1 . . . . . . . Crush 4 | . 4 . . . . . . . . . . . Escape Stasis 30 | . . . . . . 30 . . . . . . Rewire 24 | . . . . . . 24 . . . . . . Trap 1 | . . 1 . . . . . . . . . . Miscellaneous . | . . . . . . . . . . . . . Route ------- -11/Scrapyard -10/Materials (discovered 4 exits: [*Mat x2] / [*Min] / [*Sub]) -10/Subcaves -8/Scraptown (discovered 2 exits: *Fac x2) -6/Factory (discovered 6 exits: *Fac x4 / *Low x2) -5/Factory (discovered 3 exits: [*Upp] / *Ext x2) -5/Extension -4/Factory -3/Research (discovered 3 exits: *Res / *Qua x2) -3/Quarantine -2/Research (discovered 3 exits: *Acc / *Tes x2) -2/Testing -1/Access (discovered 1 exit: Sur) History --------- Turn | Location | Event 10 | -11/Scrapyard | Discovered new exit (range 16) 75 | -11/Scrapyard | Entered Materials 303 | -10/Materials | Build established: Mutant 512 | -10/Materials | Discovered new exit (range 8) 621 | -10/Materials | Discovered new exit (range 16) 803 | -10/Materials | Discovered new exit (range 5) 1257 | -10/Materials | Discovered new exit (range 4) 1272 | -10/Materials | Entered Subcaves 1273 | -10/Subcaves | Approached by a straggling Scientist 1284 | -10/Subcaves | Learned Materials emergency access door positions 1297 | -10/Subcaves | Shifting Twisted Machinery released Sub. Laser 1315 | -10/Subcaves | Shifting Twisted Machinery released Sub. Machine Gun 1469 | -10/Subcaves | Learned Materials stockpile data 1584 | -10/Subcaves | Shifting Twisted Machinery released Hvy. Battle Rifle 1585 | -10/Subcaves | Shifting Twisted Machinery released Sub. Monowheel 2230 | -10/Subcaves | Shifting Twisted Machinery released Sub. Shrapnel Launcher 2289 | -10/Subcaves | Shifting Twisted Machinery released Mak. Kinetic Plating 2328 | -10/Subcaves | Core integrity fell below 50% 2370 | -10/Subcaves | Core integrity fell below 20% 2394 | -10/Subcaves | Lost 4 parts (1p2n1w) 2423 | -10/Subcaves | Entered Scraptown 2549 | -8/Scraptown | Visited UFD Registry 2549 | -8/Scraptown | Registered with UFD as "Shadowthruster" 2558 | -8/Scraptown | Visited Comm Corps 2587 | -8/Scraptown | Visited Cave Peace 2648 | -8/Scraptown | Visited Bundlers 2899 | -8/Scraptown | Scanned Subdweller tech in exchange for log data 2905 | -8/Scraptown | Learned location of Testing (-2) 2908 | -8/Scraptown | Learned location of 1 exit from Proximity Caves 2910 | -8/Scraptown | Learned Factory emergency access door positions 2911 | -8/Scraptown | Learned Research trap positions 2975 | -8/Scraptown | Discovered new exit (range 13) 3561 | -8/Scraptown | Visited TADAMA 3843 | -8/Scraptown | Visited LU-1G1's Boring Crew 3895 | -8/Scraptown | Visited Derelict Rescue Squad 3910 | -8/Scraptown | Found DRS Beacon 3959 | -8/Scraptown | Visited Botcube Research 4009 | -8/Scraptown | Visited Infowarlord's Domain 4050 | -8/Scraptown | Visited Research Penetration Think Tank 4108 | -8/Scraptown | Visited Observation Area 4380 | -8/Scraptown | Visited Analyses Database 4433 | -8/Scraptown | Visited Science Guys 4481 | -8/Scraptown | Visited DA-N13 Charitable Foundation 4502 | -8/Scraptown | Found DCF Scrap (31 items) 4657 | -8/Scraptown | Found Exp. Sensor Array 4680 | -8/Scraptown | Visited Curators Association 4757 | -8/Scraptown | Met Optimus 4757 | -8/Scraptown | Accepted into 0bPrime 4810 | -8/Scraptown | Discovered new exit (range 3) 4812 | -8/Scraptown | Entered Factory 4812 | -6/Factory | Evolved 8 slots: Propulsion x2, Utility x6 4866 | -6/Factory | Identified exit to Factory 5033 | -6/Factory | Lost 5 parts (1p3n1w) 5173 | -6/Factory | Learned location of Upper Caves (-4) 5212 | -6/Factory | Learned Extension machine intel 5240 | -6/Factory | Learned 4 Proximity Caves zone layouts 5264 | -6/Factory | Learned Extension emergency access door positions 5279 | -6/Factory | Loaded intel: 8 recycling unit locations 5305 | -6/Factory | Loaded intel: 8 recycling unit locations 5306 | -6/Factory | Identified exit to Lower Caves 5539 | -6/Factory | Build established: Hacker-Mutant 5547 | -6/Factory | Discovered exit to Lower Caves (range 15) 5797 | -6/Factory | Learned location of Protoforge (-3) 6050 | -6/Factory | Spotted B-75 Beast 6051 | -6/Factory | Core integrity fell below 50% 6066 | -6/Factory | Entered another Factory area 6066 | -5/Factory | Evolved 2 slots: Propulsion x1, Utility x1 6067 | -5/Factory | Identified exit to Extension 6225 | -5/Factory | Build established: Scavenger-Mutant 6345 | -5/Factory | Lost 8 parts (1p2n3u2w) 6346 | -5/Factory | Destroyed 7 combat bots 6546 | -5/Factory | Lost 4 parts (3n1w) 6615 | -5/Factory | Repaired Broken Carbon-fiber Leg 7234 | -5/Factory | Loaded intel: 8 recycling unit locations 7253 | -5/Factory | Build established: Hacker-Mutant 7266 | -5/Factory | Hacking Suite fried by hacking feedback 7312 | -5/Factory | Garrison activated, responded to threat 7525 | -5/Factory | Discovered new exit (range 13) 7529 | -5/Factory | Entered Extension 7531 | -5/Extension | Loaded intel: 35 machine locations 7547 | -5/Extension | Rescued A7 7679 | -5/Extension | Rescued a captive Derelict 7745 | -5/Extension | Rescued a captive Derelict 7746 | -5/Extension | Rescued a captive Derelict 7756 | -5/Extension | Spotted B-75 Beast 7945 | -5/Extension | Build established: Hacker-Sprinter 8216 | -5/Extension | Allies destroyed B-75 Beast 8235 | -5/Extension | Lost 5 allies 8241 | -5/Extension | Spotted B-75 Beast 8244 | -5/Extension | Discovered new exit (range 3) 8244 | -5/Extension | Identified exit to Factory 8246 | -5/Extension | Entered Factory 8246 | -4/Factory | Evolved 2 slots: Propulsion x1, Utility x1 8344 | -4/Factory | Discovered new exit (range 9) 8360 | -4/Factory | Spotted B-86 Titan 8365 | -4/Factory | Found Quantum Capacitor 8375 | -4/Factory | Loaded intel: 8 recycling unit locations 8388 | -4/Factory | Central database locked down 8400 | -4/Factory | Garrison activated, responded to threat 8420 | -4/Factory | Identified exit to Research 8422 | -4/Factory | Entered Research 8422 | -3/Research | Evolved 2 slots: Power x1, Propulsion x1 8423 | -3/Research | Loaded intel: 91 trap records 8445 | -3/Research | Identified exit to Quarantine 8452 | -3/Research | Lost 4 parts (1p1n1u1w) 8538 | -3/Research | Build established: Hacker-Scout 8544 | -3/Research | Discovered new exit (range 13) 8566 | -3/Research | Identified exit to Research 8711 | -3/Research | Entered Quarantine 8737 | -3/Quarantine | Watched by a mysterious "MATRIX" hacker. 8752 | -3/Quarantine | Central database locked down 8781 | -3/Quarantine | Spotted Alpha 7 8784 | -3/Quarantine | Entered Research 8784 | -2/Research | Evolved 2 slots: Utility x2 8807 | -2/Research | Found Prototype Device 8808 | -2/Research | Found Prototype Device 8860 | -2/Research | Discovered new exit (range 13) 8876 | -2/Research | Identified exit to Access 9042 | -2/Research | Identified exit to Testing 9043 | -2/Research | Spotted B-90 Cyclops 9059 | -2/Research | Loaded intel: 5 recycling unit locations 9060 | -2/Research | Found Prototype Device 9149 | -2/Research | Entered Testing 9149 | -2/Testing | Identified Exp. Thermal Defense Suite (x3) 9174 | -2/Testing | Found Prototype Ballistic Cannon 9174 | -2/Testing | Identified Perforator 9194 | -2/Testing | Found Prototype Ballistic Cannon 9194 | -2/Testing | Identified Omega Cannon 9265 | -2/Testing | Found Prototype Hackware 9265 | -2/Testing | Identified System Mapper 9317 | -2/Testing | Found Exp. Terrain Scan Processor 9330 | -2/Testing | Lost 5 parts (2p2n1u) 9341 | -2/Testing | Entered Access 9341 | -1/Access | Evolved 2 slots: Propulsion x1, Utility x1 9502 | -1/Access | Spotted B-99 Colossus 9584 | -1/Access | Identified exit to Surface 9586 | -1/Access | Spotted B-99 Colossus 9591 | -1/Access | Search patrols dispatched 9665 | -1/Access | Lost 11 parts (1p7n3u) 9686 | -1/Access | Destroyed 12 combat bots 9725 | -1/Access | Core integrity fell below 50% 9736 | -1/Access | Core integrity fell below 20% 9741 | -1/Access | Destroyed by H-81 Overseer with Heavy Linear Accelerator Last Messages --------------- 09728_ K-01 Serf collects debris. 09729_ R-10 Processor collects Wheel. 09731_ K-01 Serf collects debris. 09732_ R-10 Processor collects Sml. Matter Pod. 09733_ K-01 Serf collects debris. 09733_ ALERT: Suspicious intruders detected, dispatching Cutter reinforcements to area. 09733_ System Shield destroyed. 09735_ K-01 Serf collects debris. 09739_ Knocked back. 09739_ K-01 Serf cleans the Wave Collapse Detector. 09740_ K-01 Serf destroyed. 09740_ Knocked back. 09740_ C-57 Dissector knocked back. 09740_ U-05 Engineer destroyed. 09740_ K-01 Serf collects debris. 09740_ C-57 Dissector knocked back. 09740_ Knocked back. 09740_ K-01 Serf collects debris. Map ----- +----------------------------------------------------+ | ????????????????????????????????????????????????"" | | ?????????????????????????????????????????????????Y | | ????????????????????????????????????????????????"" | | ?????????????????????????????????????????????????? | | ?????????????????????????????????????????????????? | | ?????????????????????????????????????????????????? | | ?????????????????????????????????????????????????? | | ?????????????????????????????????????????????????? | | ????????????????????????? ????????????????????? | | ???????????????????????? +???????????????????? | | ??????????????????????? #???????????????????? | | ?????????????????? ?? ! #???????????????????? | | ?????????????????# ? #???????????????????? | | ?????????????????# " #???????????????????? | | ?????????????????# """ k #???????????????????? | | ?????????????????# """ ####?#####??????????? | | ?????????????????# " ## ### # ############ | | ?????????????????# %* | | ?????????????????# k = | | ?????????????????# | | ???????????????### " | | ???????????????#"" """ = | | ???????????????#"" """ =% | | ???????????????#"" " H ! | | ???????????????#G w #+######+ | | ???????????????#"" @ #? | | ???????????????#"" ## # | | ???????????????#"" % #? # " | | ???????????????### ]! ## # " | | ?????????????????# ]] ## # "" | | ?????????????????# ## # "" | | ?????????????????# ] ## # "" | | ???????????????? w ## # "" | | ??????????????? + # "" | | ??????????????############ ### # ?" | | ?????????????????????????# #?# # ??? | | ?????????????????????????# #???? # ??? | | ?????????????????????????/ #????? ????????? | | ?????????????????????????? ??????????????"" | | ?????????????????????????? ??????????????????"" | | ?????????????????????????? ?????????????????????? | | ?????????????????????????????????????????????????? | | ?????????????????????????????????????????????????? | | ?????????????????????????????????????????????????? | | ?????????????????????????????????????????????????? | | ?????????????????????????????????????????????????? | | ?????????????????????????????????????????????????? | | ?????????????????????????????????????????????????? | | ??????????????????????????????????????????????#### | | ??????????????????????????????????????????????# | +----------------------------------------------------+ Best States ------------- Heat Dissipation 70 Energy Generation 52 Energy Capacity 1100 Matter Stores 300 Matter Capacity 300 Sight Range 20 Robot Scan Range 20 Terrain Scan Range 20 Terrain Scan Density 1210 Jamming Range 16 Power Amplification 40 Additional Mass Support 9 Armor Coverage 150 Resistance: TH 30 Core Shielding 30 Evasion (%) 76 Targeting Accuracy 5 Melee Accuracy 17 Recoil Reduction 2 Offensive Hacking 46 Defensive Hacking 10 Authchip Count 1 Item Schematics ----------------- Cld. VTOL Module | -6/Factory | Hacked Robot Schematics ------------------ None Fabricated ------------ Nothing Repaired ---------- Carbon-fiber Leg | 3% | -5/Factory | Broken Studied --------- Lgt. Fission Core | -6/Factory | Hacked Flight Unit | -6/Factory | Hacked VTOL Module | -6/Factory | Hacked Lgt. Nuclear Core | -6/Factory | Hacked Cesium-ion Thruster | -6/Factory | Hacked Coil Gun | -6/Factory | Hacked Hvy. Missile Launcher | -6/Factory | Hacked Carbon-fiber Leg | -5/Factory | Hacked Nuclear Pulse Array | -5/Factory | Hacked Lgt. Angular Momentum Engine | -4/Factory | Hacked Field Propulsion Drive | -4/Factory | Hacked Impulse Thruster | -4/Factory | Hacked Lgt. Antimatter Reactor | -3/Quarantine | Hacked Spear | -3/Quarantine | Hacked Impulse Thruster Array | -2/Testing | Hacked Enh. Nova Cannon | -2/Testing | Hacked Antimatter Reactor | -2/Testing | Hacked Adv. Medium Treads | -2/Testing | Hacked Alien Tech Used ----------------- None Achievements -------------- None Challenges ------------ None Game ------ Seed MeleeKineticRocket Manual? 0 Play Time 01:57:08 Cumulative 275.1 hours Start 2026.03.01 @ 16:49:01 End 2026.03.01 @ 19:16:15 Sessions 3 Manual Loads 0 Difficulty Rogue Special Mode None Game No. 210 Rogue 210 Adventurer 0 Explorer 0 Win Type - Total 12 Types 8/0/3/1/0/0/0/0/0/0 Lore% 85 Gallery% 71 Achievement% 57 Wizard Run 0 Options --------- Layout 1 ASCII 0 Keyboard 0 Movement Numpad Keybinds 0 Fullscreen 1 Font 24/Smallcaps Map View 50x35 Zoom Use 0% Tactical HUD 1 Map Filters NONE Filters NONE Steam 1 RUN: 8c99a943-5387-47f7-ad42-4cb1828429a2